 Dungeon Crawl Stone Soup version 0.28-a0-773-g130ae17fe5 (webtiles) character file.

Game seed: 10259407864019443405

446 flotson the Sneak (level 7, -10/48 HPs)
             Began as an Octopode Delver on Nov 1, 2021.
             Was a Believer of Jiyva.
             Mangled by a two-headed ogre (16 damage)
             ... on level 5 of the Dungeon.
             The game lasted 00:07:28 (4818 turns).

flotson the Sneak (Octopode Delver)                 Turns: 4818, Time: 00:07:28

Health: -10/48     AC:  1    Str: 14    XL:     7   Next: 3%
Magic:  7/7        EV: 14    Int: 11    God:    Jiyva [**....]
Gold:   63         SH:  0    Dex: 14    Spells: 6/6 levels left

rFire   . . .      SeeInvis .   a - +1 dagger (elec)
rCold   . . .      Faith    .   (no shield)
rNeg    . . .      Spirit   .   (helmet restricted)
rPois   .          Reflect  .   (no amulet)
rElec   .          Harm     .   (no ring)
rCorr   .          Rampage  .   (no ring)
Will    .....                   (no ring)
Stlth   +++++.....              (no ring)
HPRegen 0.16/turn               (no ring)
MPRegen 0.10/turn               (no ring)
                                (no ring)
                                (no ring)

@: no status effects
A: almost no armour, amphibious, 8 rings, camouflage 1, gelatinous body 1,
(nimble swimmer 1), tentacles
a: Renounce Religion, Request Jelly


You were on level 5 of the Dungeon.
You worshipped Jiyva.
Jiyva was pleased with you.
You visited 1 branch of the dungeon, and saw 5 of its levels.

You collected 63 gold pieces.

Inventory:

Hand Weapons
 a - a +1 dagger of electrocution (weapon)
 b - a +0 hunting sling
 k - a +0 spear
Missiles
 i - 34 sling bullets
Wands
 f - a wand of digging (3)
Scrolls
 c - a scroll of magic mapping
 j - a scroll of fog
 l - a scroll of enchant weapon {unknown}
Potions
 d - a potion of ambrosia {unknown}
 e - a potion of haste
 g - a potion of curing {unknown}
 h - a potion of mutation {unknown}
 m - a potion of degeneration {unknown}


   Skills:
 + Level 4.2 Fighting
 + Level 2.1 Short Blades
 - Level 2.0 Polearms
 + Level 2.5 Slings
 + Level 3.6 Dodging
 + Level 7.8 Stealth
 + Level 2.7 Evocations


You had 6 spell levels left.
You didn't know any spells.
Your spell library contained the following spells:

 Spells                   Type           Power      Damage    Failure   Level
 Sting                    Tmut/Pois      0%         1d3       34%         1
 Poisonous Vapours        Pois/Air       0%         N/A       47%         2
 Gell's Gravitas          Tloc           0%         N/A       71%         3
 Teleport Other           Tloc           0%         N/A       71%         3
 Olgreb's Toxic Radiance  Pois           0%         N/A       98%         4
 Dispersal                Tloc           0%         N/A       100%        6


Dungeon Overview and Level Annotations

Branches:
Dungeon (5/15)
 Temple: D:4-7

Altars:
Elyvilon
Okawaru
Qazlal
Uskayaw
Jiyva


Innate Abilities, Weirdness & Mutations

You cannot wear most types of armour.
You are amphibious.
You can wear up to eight rings at the same time.
Your skin changes colour to match your surroundings (Stealth+).
Your rubbery body absorbs attacks. (AC +1, EV +1)
((You are camouflaged near water. (Stealth+)))
You have tentacles for arms and can constrict up to eight enemies at once.


Message History

Jiyva will no longer protect you from corrosive effects.
You swap places.
Something barely misses the jelly.
Something hits the jelly!!
The jelly dies!
You hear a distant slurping noise.
You hear a distant slurping noise.
You hear a distant slurping noise.
Jiyva appreciates your sacrifice.
You hear a distant slurping noise.
Jiyva appreciates your sacrifice.
You hear a squelching noise.
You hear a distant slurping noise.
Jiyva appreciates your sacrifice.
You hear a squelching noise.
You hear a distant slurping noise.
You hear a distant slurping noise.
You hear a distant slurping noise.
You hit the two-headed ogre but do no damage.
Lightning courses through the two-headed ogre!
You squeeze the two-headed ogre!
The two-headed ogre is heavily wounded.
You hear a distant slurping noise.
You hear a squelching noise.
You hit the two-headed ogre.
Lightning courses through the two-headed ogre!
The two-headed ogre is severely wounded.
The two-headed ogre barely misses you.
The two-headed ogre hits you with a +0 giant club!!
You hit the two-headed ogre but do no damage.
The two-headed ogre is severely wounded.
The two-headed ogre hits you with a +0 giant club!!
Ouch! That really hurt!
* * * LOW HITPOINT WARNING * * *
The two-headed ogre closely misses you.
You hit the two-headed ogre but do no damage.
You squeeze the two-headed ogre.
The two-headed ogre is almost dead.
You hit the two-headed ogre.
The two-headed ogre is almost dead.
The two-headed ogre hits you with a +0 giant club!
You die...

###### #....############
#..#.....O@.....#
#O8####.#######.# #..# #.# ####
#######8.# #.# # #...
......8⌠.####.# #####.########...
.8.......#....##......##.....#...
##########....#.......##.........
####..........#.......##.......#.
.O............#..O....#♣P.≈♣.#...


You could see a two-headed ogre.

Vanquished Creatures
  A black bear (D:5)
  An ogre (D:5)
  A scorpion (D:4)
  A hound (D:5)
  A centaur skeleton (D:5)
  An iguana (D:5)
  A hound skeleton (D:4)
  2 gnolls (D:3)
  5 adders
  A white imp (D:5)
  A worm (D:3)
  An orc (D:4)
  4 ball pythons
  An endoplasm (D:2)
  A giant cockroach (D:1)
  9 goblins
  5 hobgoblins
  3 kobolds
  3 bats
  3 frilled lizards
  2 rats
48 creatures vanquished.

Vanquished Creatures (others)
  Grinder (D:3)
  A black bear (D:5)
  A phantom (D:5)
  A scorpion (D:5)
  A centaur zombie (D:5)
  6 jellies
  3 orc wizards (D:4)
  Robin (D:2)
  A gnoll (D:3)
  3 adders
  2 worms
  2 dart slugs (D:3)
  2 ball pythons (D:3)
  2 endoplasms (D:4)
  4 goblins
  3 hobgoblins (D:3)
  A quokka (D:2)
  4 bats
  2 rats
  69 plants (D:5)
110 creatures vanquished.

Grand Total: 158 creatures vanquished

Notes
Turn   | Place    | Note
-------+----------+-------------------------------------------
     0 | D:5      | flotson the Octopode Delver began the quest for the Orb.
     0 | D:5      | Reached XP level 1. HP: 16/16 MP: 1/1
    94 | D:2      | Noticed Robin
   133 | D:2      | Reached XP level 2. HP: 16/21 MP: 2/2
   223 | D:2      | HP: 1/21 [goblin[Robin] (5)]
   656 | D:1      | Found a faded altar of an unknown god.
   815 | D:1      | Prayed at the altar of an unknown god.
   815 | D:1      | Became a worshipper of Jiyva Joikhlic the Shapeless
   815 | D:1      | Reached * piety under Jiyva
   835 | D:1      | Reached skill level 7 in Stealth
   835 | D:1      | Reached XP level 3. HP: 26/26 MP: 3/3
  1338 | D:2      | Killed Robin
  1817 | D:3      | Reached ** piety under Jiyva
  2131 | D:3      | Killed Grinder
  2144 | D:3      | Reached skill level 1 in Slings
  2275 | D:3      | Found a stormy altar of Qazlal.
  2323 | D:3      | Found a hide-covered altar of Uskayaw.
  2333 | D:3      | Noticed a +0 dagger
  2333 | D:3      | Noticed a +0 short sword
  2333 | D:3      | Noticed a +0 dagger
  2334 | D:3      | Noticed a +0 spear
  2334 | D:3      | Noticed a +0 short sword
  2335 | D:3      | Noticed a +0 falchion
  2336 | D:3      | Noticed a +0 spear
  2336 | D:3      | Noticed a +0 falchion
  2562 | D:3      | Found an iron altar of Okawaru.
  2621 | D:4      | Reached skill level 1 in Evocations
  2621 | D:4      | Reached XP level 4. HP: 31/31 MP: 4/4
  2921 | D:4      | Noticed a scorpion
  2958 | D:4      | Killed a scorpion
  2959 | D:4      | Reached skill level 1 in Short Blades
  2959 | D:4      | Reached XP level 5. HP: 12/37 MP: 5/5
  3336 | D:4      | Found a white marble altar of Elyvilon.
  3796 | D:5      | Noticed a black bear
  3799 | D:5      | Noticed a black bear
  3800 | D:5      | Noticed an ice beast
  3803 | D:5      | Killed a black bear
  3804 | D:5      | Reached XP level 6. HP: 17/43 MP: 6/6
  4325 | D:5      | Reached *** piety under Jiyva
  4537 | D:5      | Killed a black bear
  4726 | D:5      | Reached XP level 7. HP: 40/48 MP: 7/7
  4738 | D:5      | Noticed a yak
  4772 | D:5      | Noticed a two-headed ogre
  4818 | D:5      | Mangled by a two-headed ogre

Illustrated notes

Levels and vault maps discovered:
D:1:      lightli_arrival_statue_moat, layout_loops_cross,
          hellmonk_ecumenical_altar_pennies_from_heaven, feat_on_display
D:2:      layout_basic, uniq_robin
D:3:      layout_basic, okawaru_altar_gauntlet_db, lemuel_crystal_altar,
          nicolae_uskayaw_en_pointe, uniq_grinder
D:4:      layout_loops_corners, general_overflow_altar
D:5:      layout_basic, serial_bayou, serial_bayou_lagoon_a,
          serial_bayou_crossing, serial_bayou_lagoon_b, serial_bayou_pond_d,
          serial_bayou_ford_a, kennysheep_cross_bottleneck,
          chequers_decorated_corner, eino_curves_02

Skill      XL: |  1  2  3  4  5  6 |
---------------+-------------------+-----
Stealth        | 7 |  7.8
Slings         | 1 2 |  2.5
Evocations     | 1 2 |  2.7
Short Blades   | 1 2 |  2.1
Dodging        | 3 |  3.6
Fighting       | 4 |  4.2
Polearms       | |  2.0

Action                   |  1- 3 |  4- 6 |  7- 9 || total
-------------------------+-------+-------+-------++-------
Melee: Spear             |    31 |       |       ||    31
       Constrict         |    14 |     8 |       ||    22
       Tentacles         |     9 |     5 |     2 ||    16
       Dagger            |    20 |    44 |     5 ||    69
 Fire: Hunting sling     |    24 |     5 |       ||    29
Invok: Request Jelly     |       |       |     2 ||     2
  Use: Scroll            |     1 |       |       ||     1
       Potion            |       |     3 |       ||     3
 Stab: Sleeping          |     4 |     3 |       ||     7
       Distracted        |       |     1 |       ||     1
Armor: Skin              |     3 |     4 |       ||     7
Dodge: Dodged            |    33 |    22 |     2 ||    57

Table legend: (Time is in decaauts)
 A = Elapsed time spent in this place.
 B = Non-inter-level travel time spent in this place.
 C = Inter-level travel time spent in this place.
 D = Time resting spent in this place.
 E = Time spent auto-exploring this place.
 F = Levels seen in this place.
 G = Mean time per level.
                   A        B        C        D        E       F      G
               +--------+--------+--------+--------+--------+-----+--------+
         Total |   4797 |   4529 |    268 |     53 |   3850 |   5 |  959.4 |
       Dungeon |   4797 |   4529 |    268 |     53 |   3850 |   5 |  959.4 |
               +--------+--------+--------+--------+--------+-----+--------+

Top non-repeatable levels by time:
     D:4: 1413 daAuts
     D:2: 1000 daAuts
     D:3: 850 daAuts
     D:5: 794 daAuts
     D:1: 738 daAuts
